AoeStats
← LIJKIE

Arena

510359883Analyzed
3v3 RM · 2d ago on Sep 30, 2026· 60m 24s· 6 players
Game mode
Random Map
Map size
Normal (6 player)
Population
200
Speed
Normal
Resources
Standard
Victory
Conquest
Starting age
Dark Age
Ending age
Imperial Age
RankedLock teamsTeams togetherTeam positionsShared explorationLock speedFull tech treeHidden civsTurbo modeCheats
Victory
Defeat
🇳🇱 Slavs · Netherlands
1088
+11
🇳🇱 Franks · Netherlands
1030
+13
🇳🇱 Huns · Netherlands
846
+20
🇦🇺 Wu · Australia
968
-15
🇩🇪 Mongols · Germany
961
-15
🇧🇪 Spanish · Belgium
949
-14
meisterhaku
2:02 Loom
12:10 Feudal Age
13:40 Wheelbarrow
12:55 Double-Bit Axe
13:03 Stone Mining
13:05 Gold Mining
12:57 Horse Collar
20:33 Castle Age
21:38 Hand Cart
21:35 Bow Saw
21:28 Heavy Plow
22:17 Gold Shaft Mining
25:40 Ballistics
26:04 Fletching
33:02 Imperial Age
31:06 Bodkin Arrow
31:12 Padded Archer Armor
32:38 Husbandry
32:49 Bloodlines
32:57 Leather Archer Armor
34:22 Parthian Tactics
33:21 Elite Mangudai
34:24 Conscription
35:22 Chemistry
34:46 Bracer
35:51 Stone Shaft Mining
35:47 Town Watch
36:49 Light Cavalry
37:41 Forging
37:37 Scale Barding Armor
38:58 Hussar
40:16 Iron Casting
40:01 Chain Barding Armor
42:09 Blast Furnace
45:08 Fortified Wall
Killer
9:54 Feudal Age
9:04 Loom
13:36 Double-Bit Axe
19:14 Castle Age
19:30 Horse Collar
20:34 Bow Saw
20:48 Heavy Plow
25:32 Husbandry
28:11 Padded Archer Armor
29:26 Bloodlines
29:35 Leather Archer Armor
29:56 Ballistics
31:14 Forging
31:05 Scale Mail Armor
30:46 Pikeman
31:27 Squires
31:13 Arson
31:45 Fletching
31:44 Elite Skirmisher
33:02 Bodkin Arrow
33:45 Iron Casting
33:25 Chain Mail Armor
33:17 Gold Mining
33:17 Stone Mining
37:08 Imperial Age
36:17 Wheelbarrow
35:27 Town Watch
37:31 Halberdier
41:52 Chemistry
40:48 Murder Holes
41:57 Hand Cart
42:24 Stone Shaft Mining
45:16 Ring Archer Armor
44:47 Bracer
45:49 Blast Furnace
49:25 Town Patrol
56:03 Caravan
LearnToLoop
10:49 Feudal Age
11:52 Double-Bit Axe
11:49 Horse Collar
18:51 Castle Age
17:37 Stone Mining
18:42 Fletching
18:53 Padded Archer Armor
21:30 Bodkin Arrow
21:58 Leather Archer Armor
25:51 Bow Saw
26:52 Red Cliffs Tactics
28:42 Ballistics
36:22 Imperial Age
34:21 Scale Barding Armor
36:54 Elite Fire Archer
37:59 Conscription
37:52 Bracer
39:03 Husbandry
39:21 Bloodlines
42:11 Chemistry
48:41 Light Cavalry
50:00 Caravan
50:58 Murder Holes
52:59 Chain Barding Armor
LIJKIE
9:43 Feudal Age
10:22 Double-Bit Axe
16:43 Castle Age
16:03 Loom
16:43 Scale Barding Armor
17:34 Bow Saw
18:23 Forging
19:24 Pikeman
27:39 Imperial Age
25:41 Loom
25:47 Town Watch
26:45 Wheelbarrow
26:59 Fortified Wall
27:10 Ballistics
27:41 Fletching
30:27 Husbandry
30:23 Cavalier
31:07 Murder Holes
32:41 Paladin
35:36 Squires
37:44 Chemistry
37:10 Chain Barding Armor
36:52 Padded Archer Armor
40:48 Halberdier
43:08 Plate Barding Armor
43:09 Iron Casting
42:34 Scale Mail Armor
55:35 Light Cavalry
tiemen
7:34 Loom
10:51 Feudal Age
17:37 Castle Age
16:35 Horse Collar
16:42 Double-Bit Axe
18:56 Heavy Plow
19:41 Bow Saw
23:43 Wheelbarrow
23:32 Gold Mining
23:32 Stone Mining
23:20 Pikeman
24:12 Forging
26:21 Ballistics
29:46 Imperial Age
28:48 Scale Mail Armor
29:24 Iron Casting
29:26 Squires
30:57 Heavy Scorpion
33:53 Chemistry
34:45 Gold Shaft Mining
34:43 Conscription
36:03 Chain Mail Armor
35:22 Halberdier
37:30 Siege Engineers
37:18 Man-at-Arms
38:52 Plate Mail Armor
39:22 Blast Furnace
38:33 Long Swordsman
39:53 Druzhina
39:41 Two-Handed Swordsman
45:32 Champion
46:48 Fortified Wall
49:44 Crop Rotation
50:57 Two-Man Saw
52:33 Capped Ram
54:14 Siege Ram
59:16 Fletching
59:26 Padded Archer Armor
NewTrinity78
3:00 Loom
11:22 Feudal Age
17:04 Castle Age
15:41 Double-Bit Axe
16:28 Horse Collar
19:39 Husbandry
21:31 Bloodlines
22:25 Scale Mail Armor
31:07 Imperial Age
29:13 Wheelbarrow
28:31 Pikeman
28:58 Arson
30:02 Scale Barding Armor
31:00 Marauders
31:54 Squires
31:15 Halberdier
32:08 Cavalier
33:21 Ballistics
33:06 Murder Holes
34:27 Chemistry
34:31 Forging
35:10 Paladin
35:54 Light Cavalry
38:19 Masonry
38:25 Elite Tarkan
42:14 Chain Barding Armor
42:52 Iron Casting
45:13 Thumb Ring
46:57 Blast Furnace
46:32 Heavy Plow
46:45 Bow Saw
49:13 Two-Man Saw
51:17 Plate Barding Armor
54:12 Hussar
57:26 Parthian Tactics
56:46 Heavy Cavalry Archer
56:57 Heavy Cavalry Archer
58:00 Chain Mail Armor
57:46 Padded Archer Armor
57:37 Fletching
58:48 Caravan
Connection lost

Rejoining the realm…

Still unreachable

The connection could not be restored.

Session expired

The server has moved on; the page needs a fresh start.